 Dungeon Crawl Stone Soup version 0.26-a0-639-g72c4674329 (webtiles) character file.

Game seed: 6501680466671069904

2860 Borgoz the Basher (level 9, -1/56 HPs)
             Began as a Gargoyle Berserker on Sept 20, 2020.
             Was an Elder of Trog.
             Slain by a troll (7 damage)
             ... on level 8 of the Dungeon.
             The game lasted 00:12:09 (7508 turns).

Borgoz the Basher (Gargoyle Berserker)              Turns: 7508, Time: 00:12:09

Health: -1/56      AC: 15    Str: 21    XL:     9   Next: 75%
Magic:  9/9        EV: 14    Int:  8    God:    Trog [****..]
Gold:   460        SH:  0    Dex: 12    Spells: 8/8 levels left

rFire    . . .     SeeInvis .   a - +1 great mace of Ocvuraw {venom, rElec rN++ Stlth-}
rCold    . . .     Faith    .   (shield currently unavailable)
rNeg     + + +     Spirit   .   b - +1 ring mail of Laynuhit {MR+}
rPois    ∞         Reflect  .   (no helmet)
rElec    +         Harm     .   (no cloak)
rCorr    .         Rampage  .   (no gloves)
MR       +....                  p - +0 pair of boots
Stlth    ..........             (no amulet)
HPRegen  0.18/turn              (no ring)
MPRegen  0.11/turn              (no ring)

@: no status effects
A: negative energy resistance 1, electricity resistance, unbreathing,
petrification resistance, rot immunity, AC +6
a: Berserk, Trog's Hand, Brothers in Arms, Renounce Religion


You were on level 8 of the Dungeon.
You worshipped Trog.
Trog was greatly pleased with you.
You visited 1 branch of the dungeon, and saw 8 of its levels.

You collected 460 gold pieces.

Inventory:

Hand Weapons
 a - the +1 great mace of Ocvuraw (weapon) {venom, rElec rN++ Stlth-}
   (You took it off an ogre on level 4 of the Dungeon)

   It poisons the flesh of those it strikes.
   It insulates you from electricity.
   It greatly protects you from negative energy.
   It makes you less stealthy.
Armour
 b - the +1 ring mail of Laynuhit (worn) {MR+}
   (You found it on level 4 of the Dungeon)

   It affects your resistance to hostile enchantments.
 p - a +0 pair of boots (worn)
Wands
 k - a wand of disintegration (7)
 l - a wand of random effects (14)
 m - a wand of paralysis (14)
 u - a wand of iceblast (11)
Scrolls
 c - a scroll of noise {unknown}
 d - a scroll of enchant weapon {unknown}
 f - 4 scrolls of magic mapping {unknown}
 g - 4 scrolls of remove curse
 i - 3 scrolls of blinking {unknown}
 n - 3 scrolls of teleportation {unknown}
 q - a scroll of fear {unknown}
 s - a scroll of amnesia {unknown}
Potions
 j - a potion of resistance
 o - 3 potions of mutation


   Skills:
 + Level 6.6 Fighting
 * Level 8.3 Maces & Flails
 + Level 6.2 Armour
 * Level 6.5 Dodging


You had 8 spell levels left.
You didn't know any spells.
Your spell library was empty.

Dungeon Overview and Level Annotations

Branches:
Dungeon (8/15)             Temple (0/1) D:4
   Lair: D:8-11

Altars:
Ashenzari
Ru
Wu Jian
Zin

Shops:
D:8 (


Innate Abilities, Weirdness & Mutations

You are resistant to torment.
Your stone body is resilient. (AC +6)
You are immune to poison.
You resist negative energy. (rN+)
You are resistant to electric shocks. (rElec)
You can survive without breathing.
You are immune to petrification.
You are immune to rotting.


Message History

The crocodile misses you.
You sock the crocodile!
You kill the crocodile!
Trog accepts your kill.
You can now call in reinforcements.
You see here a crocodile corpse.
You start resting.
A troll comes into view.
The troll shouts!
The troll bites you! The troll closely misses you.
The troll claws you but does no damage.
Found Warphaq's Antique Weapon Shop.
You are too injured to fight recklessly!
You sock the troll!
The troll is poisoned.
The troll is moderately wounded.
The troll bites you!
* * * LOW HITPOINT WARNING * * *
The troll claws you but does no damage. x2; The troll bites you!
* * * LOW HITPOINT WARNING * * *
The troll claws you!
You die...

#...........#
####...........##
.............))###
#...........).).###.!
#........)..†..<.....
####.#.........(...###..
........†...$....###
..../...##..######
.......@...##
.......T#### .........
...<...... ...........
+#.....#.... ∩'.####
..... +## ......


You could see a troll (very poisoned).

Vanquished Creatures
  The ghost of p0werm0de the Skirmisher, an amateur MiFi of Makhleb (D:4)
  A sky beast (D:3)
  3 black bears
  A phantom (D:4)
  5 ogres
  A centaur (D:6)
  A crocodile (D:8)
  6 bullfrogs
  A scorpion (D:4)
  3 killer bees (D:7)
  9 wights
  2 howler monkeys
  4 hounds
  A jelly (D:6)
  2 orc priests
  7 orc wizards
  An iguana (D:7)
  2 worker ants
  A killer bee zombie (D:5)
  A hound zombie (D:5)
  A hound skeleton (D:4)
  2 adders
  2 shadow imps
  2 white imps
  An ufetubus (D:7)
  2 oozes
  An adder skeleton (D:4)
  5 worms
  A dart slug (D:1)
  8 leopard geckos
  17 orcs
  5 giant cockroaches
  7 goblins
  6 hobgoblins
  8 jackals
  5 quokkas
  6 bats
  8 frilled lizards
  A jackal skeleton (D:4)
  8 kobolds
  A quokka skeleton (D:4)
  A quokka zombie (D:6)
  11 rats
162 creatures vanquished.

Vanquished Creatures (others)
  3 fungi (D:8)
  15 plants (D:8)
18 creatures vanquished.

Grand Total: 180 creatures vanquished

Notes
Turn   | Place    | Note
-------+----------+-------------------------------------------
     0 | D:1      | Borgoz the Gargoyle Berserker began the quest for the Orb.
     0 | D:1      | Reached XP level 1. HP: 14/14 MP: 1/1
   177 | D:1      | Reached XP level 2. HP: 17/19 MP: 2/2
   686 | D:1      | Reached XP level 3. HP: 18/23 MP: 3/3
  1115 | D:2      | Reached ** piety under Trog
  1602 | D:3      | Reached XP level 4. HP: 12/29 MP: 4/4
  1829 | D:3      | Noticed a sky beast
  1863 | D:3      | Killed a sky beast
  1863 | D:3      | Reached skill level 4 in Maces & Flails
  1863 | D:3      | Reached XP level 5. HP: 11/33 MP: 5/5
  2249 | D:2      | Found an ornate altar of the Wu Jian Council.
  3031 | D:3      | Reached XP level 6. HP: 38/38 MP: 6/6
  3455 | D:4      | Found a transporter.
  3464 | D:4      | Noticed a phantom
  3513 | D:4      | Killed a phantom
  3709 | D:4      | Reached *** piety under Trog
  3830 | D:4      | Reached skill level 5 in Maces & Flails
  4063 | D:4      | Reached XP level 7. HP: 42/44 MP: 7/7
  4269 | D:4      | Found a staircase to the Ecumenical Temple.
  4323 | D:4      | Noticed p0werm0de's ghost (amateur MiFi)
  4326 | D:4      | Identified the cursed +1 great mace of Ocvuraw {venom,
                  | rElec rN++ Stlth-}
  4329 | D:4      | Found a transporter.
  4380 | D:4      | Killed p0werm0de's ghost
  4449 | D:4      | Reached skill level 5 in Fighting
  4451 | D:4      | Reached XP level 8. HP: 32/49 MP: 8/8
  4454 | D:4      | Got a bloodstained ring mail
  4455 | D:4      | Identified the +1 ring mail of Laynuhit {MR+} (You found it
                  | on level 4 of the Dungeon)
  4685 | D:5      | Entered Level 5 of the Dungeon
  4703 | D:5      | Found a glowing silver altar of Zin.
  4790 | D:5      | Reached skill level 6 in Maces & Flails
  5616 | D:6      | Reached skill level 5 in Dodging
  6032 | D:6      | Found a shattered altar of Ashenzari.
  6058 | D:6      | Reached skill level 5 in Armour
  6242 | D:6      | Reached skill level 7 in Maces & Flails
  6248 | D:6      | Found a sacrificial altar of Ru.
  6453 | D:6      | Reached XP level 9. HP: 51/55 MP: 9/9
  7418 | D:8      | Reached skill level 8 in Maces & Flails
  7481 | D:8      | Reached **** piety under Trog
  7505 | D:8      | Noticed a troll
  7507 | D:8      | Found Warphaq's Antique Weapon Shop.
  7508 | D:8      | Slain by a troll

Illustrated notes

Levels and vault maps discovered:
D:1:      mrwooster_arrival_arrow, layout_basic, dk_noncrumbling_4
D:2:      layout_loops_ring, nicolae_overflow_crystal_walls
D:3:      layout_basic
D:4:      layout_rooms, temple_green, gammafunk_ghost_smash,
          minmay_close_crescents
D:5:      layout_loops_ring, zin_academy
D:6:      layout_loops_ring, nicolae_ru_great_annihilating_truth,
          cheibrodos_ashenzari_chains
D:7:      layout_rooms
D:8:      layout_rooms, kennysheep_okawaru_gauntlet, minmay_lair_entry_grove,
          gammafunk_ghost_grave, serial_shops, nicolae_shop_behind_doors,
          kennysheep_flooded_box, uniq_joseph, uniq_harold

Skill      XL: |  1  2  3  4  5  6  7  8  9 |
---------------+----------------------------+-----
Dodging        | 2 3 4 5 6 |  6.5
Fighting       | 4 5 6 |  6.6
Maces & Flails | 4 5 7 8 |  8.3
Armour         | 3 4 5 6 |  6.2

Action                   |  1- 3 |  4- 6 |  7- 9 || total
-------------------------+-------+-------+-------++-------
Melee: Mace              |   126 |   279 |    53 ||   458
       Great mace        |       |       |   233 ||   233
Invok: Berserk           |     1 |       |     1 ||     2
       Trog's Hand       |       |       |     6 ||     6
  Use: Potion            |       |       |    10 ||    10
       Scroll            |       |       |     8 ||     8
Armor: Scale mail        |    82 |   193 |    37 ||   312
       Animal skin       |     2 |       |       ||     2
       Ring mail         |       |       |   180 ||   180
Dodge: Dodged            |    72 |   195 |   332 ||   599

Table legend: (Time is in decaauts)
 A = Elapsed time spent in this place.
 B = Non-inter-level travel time spent in this place.
 C = Inter-level travel time spent in this place.
 D = Time resting spent in this place.
 E = Time spent auto-exploring this place.
 F = Levels seen in this place.
 G = Mean time per level.
                   A        B        C        D        E       F      G
               +--------+--------+--------+--------+--------+-----+--------+
         Total |   7651 |   7326 |    325 |   1801 |   4189 |   8 |  956.4 |
       Dungeon |   7651 |   7326 |    325 |   1801 |   4189 |   8 |  956.4 |
               +--------+--------+--------+--------+--------+-----+--------+

Top non-repeatable levels by time:
     D:4: 1336 daAuts
     D:2: 1328 daAuts
     D:6: 1319 daAuts
     D:3: 1138 daAuts
     D:1: 969 daAuts
     D:5: 831 daAuts
     D:7: 612 daAuts
     D:8: 116 daAuts
